 Dungeon Crawl Stone Soup version 0.31.0-10-gcf4a605ca0 (webtiles) character file.

Game seed: 17602081236871300889

1040 mainiacjoe the Cleaver (level 8, -1/70 HPs)
             Began as a Hill Orc Fighter on Jan 25, 2024.
             Was a Follower of Zin.
             Slain by Duvessa
             ... wielding a +0 rapier
              (11 damage)
             ... on level 5 of the Dungeon.
             The game lasted 00:12:04 (4037 turns).

mainiacjoe the Cleaver (Hill Orc Fighter)           Turns: 4037, Time: 00:12:06

Health: -1/70      AC: 13    Str: 21    XL:     8   Next: 24%
Magic:  11/11      EV:  7    Int:  8    God:    Zin [*.....]
Gold:   141        SH:  5    Dex: 10    Spells: 7/7 levels left

rFire   . . .        a - +0 war axe
rCold   . . .        c - +0 buckler
rNeg    . . .        f - +0 chain mail
rPois   .            (no helmet)
rElec   .            e - +0 cloak
rCorr   .            g - +2 pair of gloves
SInv    .            (no boots)
Will    .....        j - amulet of regeneration Stlth
                     (no ring)
HPRegen 1.11/turn    (no ring)
MPRegen 0.12/turn

%: no passive effects
@: reciting
A: no striking features
a: Renounce Religion, Recite, Donate Gold


You were on level 5 of the Dungeon.
You worshipped Zin.
Zin was aware of your devotion.
You visited 2 branches of the dungeon, and saw 6 of its levels.

You collected 156 gold pieces.
You donated 15 gold pieces to Zin.

Inventory:

Hand Weapons
 a - a +0 war axe (weapon)
Missiles
 b - 3 poisoned darts
 d - 58 stones
 i - 5 boomerangs
Armour
 c - a +0 buckler (worn)
 e - a +0 cloak (worn)
 f - a +0 chain mail (worn)
 g - a +2 pair of gloves (worn)
 h - a +0 scale mail
Jewellery
 j - an amulet of regeneration (around neck)
Wands
 k - a wand of mindburst (14)


   Skills:
 + Level 6.1 Fighting
 * Level 8.3 Axes
 - Level 3.2 Armour
 + Level 5.5 Shields
 * Level 5.1 Invocations


You had 7 spell levels left.
You didn't know any spells.
Your spell library contained the following spells:

 Spells                   Type           Power      Damage    Failure   Level
 Shock                    Conj/Air       0%         1d3       98%         1
 Call Imp                 Summ           0%         N/A       99%         2
 Sublimation of Blood     Necr           0%         N/A       99%         2
 Swiftness                Air            0%         N/A       100%        3
 Airstrike                Air            0%         2d(0-16)  100%        4
 Summon Hydra             Summ           0%         N/A       100%        7


Dungeon Overview and Level Annotations

Branches:
Dungeon (5/15)             Temple (1/1) D:4

Altars:
Ashenzari
Cheibriados
Dithmenos
Elyvilon
Hepliaklqana
Kikubaaqudgha
Makhleb
Nemelex Xobeh
Okawaru
Qazlal
Ru
Sif Muna
Trog
Uskayaw
Vehumet
Wu Jian
Xom
Yredelemnul
Zin
The Shining One

Shops:
D:1 ?=!   D:3 ?   D:5 (

Annotations:
D:1 fly
D:5 Duvessa


Message History

Duvessa goes berserk!
Duvessa hits you with a +0 rapier!! Duvessa hits you with a +0 rapier.
You closely miss Duvessa.
Duvessa is heavily wounded.
Duvessa hits you but does no damage.
You hit Duvessa but do no damage.
Duvessa is moderately wounded.
Duvessa hits you but does no damage. Duvessa hits you with a +0 rapier.
You barely miss Duvessa.
Duvessa is moderately wounded.
Duvessa hits you with a +0 rapier. Duvessa hits you with a +0 rapier!
* * * LOW HITPOINT WARNING * * *
You slash Duvessa!
Duvessa is severely wounded.
Duvessa hits you but does no damage. Duvessa barely misses you.
You barely miss Duvessa.
Duvessa is severely wounded.
Duvessa completely misses you.
You closely miss Duvessa.
Duvessa is severely wounded.
Duvessa hits you but does no damage. x2
You hit Duvessa.
Duvessa is severely wounded.
Duvessa closely misses you. Duvessa hits you with a +0 rapier!
* * * LOW HITPOINT WARNING * * *
You slash Duvessa!
Duvessa is almost dead.
Duvessa hits you with a +0 rapier.
* * * LOW HITPOINT WARNING * * *
Duvessa hits you but does no damage.
You hit Duvessa but do no damage.
Duvessa is almost dead.
Duvessa closely misses you.
Activating: Recite (0% risk of failure)
Press: ? - help, Dir - look around, f - activate Look: Duvessa, wielding a +0 rapier and wearing a +2 leather armour of fire resistance (almost dead, berserk, fast)
You clear your throat and prepare to recite. "Yea, I say unto thee, bring forth..."
Duvessa hits you with a +0 rapier!
You die...

.?#...........###.....
...#........####..... .
...#.........#....... ..
#......#............ #..
#...##.....##.#...#. ....
##.....#####..##..#.
.....#.......###....#.##.
............###........!
.......e@)............#..
.#.......................
.............#...........
.>........##.##.......##.
......#.#.##..........#
.....######.............
###.. ............. #..
...##......##


You could see Duvessa (berserk, fast).

Vanquished Creatures
  Sigmund (D:5)
  2 ogres (D:4)
  A centaur (D:5)
  2 scorpions
  Dowan (D:5)
  An orc priest (D:5)
  3 hounds
  A jelly (D:5)
  Jessica (D:2)
  Ijyb (D:4)
  An iguana (D:5)
  3 orc wizards (D:5)
  8 adders
  2 ufetubi (D:5)
  A ribbon worm (D:3)
  12 orcs
  7 endoplasms
  2 giant cockroaches (D:1)
  4 goblins
  3 hobgoblins
  7 jackals
  3 quokkas
  7 ball pythons
  8 bats
  5 frilled lizards
  5 kobolds
  7 rats
99 creatures vanquished.

Notes
Turn   | Place    | Note
-------+----------+-------------------------------------------
     0 | D:1      | mainiacjoe the Hill Orc Fighter began the quest for the
                  | Orb.
     0 | D:1      | Reached XP level 1. HP: 19/19 MP: 1/1
    72 | D:1      | Reached skill level 3 in Axes
   131 | D:1      | Found Neyggumm's Distillery.
   200 | D:1      | Reached XP level 2. HP: 27/27 MP: 2/2
   271 | D:1      | Found Duacalas's Jewellery Shoppe.
   797 | D:1      | Found a faded altar of an unknown god.
   802 | D:1      | Reached XP level 3. HP: 30/33 MP: 3/3
   824 | D:1      | Found Logayd Xevu's Magic Scroll Shoppe.
  1088 | D:2      | Reached skill level 4 in Axes
  1110 | D:2      | Noticed Jessica
  1121 | D:2      | Killed Jessica
  1122 | D:2      | Reached XP level 4. HP: 39/40 MP: 4/4
  1197 | D:2      | Found a bloodstained altar of Trog.
  1742 | D:3      | Found an iron altar of Okawaru.
  1900 | D:3      | Reached skill level 5 in Axes
  1935 | D:3      | Found Kenog's Magic Scroll Shop.
  1978 | D:3      | Reached XP level 5. HP: 44/47 MP: 5/5
  2125 | D:3      | You fall into a shaft and drop 2 floors!
  2125 | D:5      | Entered Level 5 of the Dungeon
  2187 | D:4      | Found a basalt altar of Yredelemnul.
  2231 | D:4      | Noticed an ogre
  2237 | D:4      | Killed an ogre
  2332 | D:4      | Reached skill level 5 in Fighting
  2332 | D:4      | Reached skill level 6 in Axes
  2332 | D:4      | Reached XP level 6. HP: 56/56 MP: 6/6
  2366 | D:4      | Noticed Ijyb
  2381 | D:4      | Killed Ijyb
  2426 | D:4      | Found a staircase to the Ecumenical Temple.
  2488 | Temple   | Entered the Ecumenical Temple
  2498 | Temple   | Became a worshipper of Zin the Law-Giver
  2830 | D:4      | Reached * piety under Zin
  2915 | D:4      | Reached skill level 1 in Invocations
  3057 | D:4      | Reached XP level 7. HP: 60/61 MP: 8/8
  3441 | D:4      | Found a burning altar of Makhleb.
  3560 | D:5      | Reached skill level 7 in Axes
  3560 | D:5      | Reached skill level 5 in Shields
  3611 | D:5      | Noticed Sigmund
  3622 | D:5      | Killed Sigmund
  3761 | D:5      | Found a stormy altar of Qazlal.
  3806 | D:5      | Found Puakleipt's Weapon Boutique.
  3819 | D:5      | Reached XP level 8. HP: 66/70 MP: 11/11
  3844 | D:5      | Reached skill level 8 in Axes
  3994 | D:5      | Reached skill level 5 in Invocations
  4010 | D:5      | Noticed Dowan
  4011 | D:5      | Noticed Duvessa
  4027 | D:5      | Killed Dowan
  4037 | D:5      | Slain by Duvessa

Illustrated notes

Levels and vault maps discovered:
D:1:      lemuel_arrival_river_passageway, layout_basic, serial_forest,
          infiniplex_forest_lined_3_way, infiniplex_forest_lined_4_way,
          infiniplex_forest_join, infiniplex_forest_lined_1, serial_shops, shop,
          shop, nicolae_shop_temple_entry_statues_fountains,
          hellmonk_ecumenical_altar_dog_temple
D:2:      layout_rooms, basic_altar, wad_orctagon, uniq_jessica
D:3:      layout_basic, mainiacjoe_overflow_concentric_impassable, serial_shops,
          shop
D:4:      layout_basic, old_standard_altar, makhleb_heckhound_becter,
          minmay_temple_entry_glassed_door, uniq_ijyb
D:5:      layout_cave_pools, mainiacjoe_overflow_cross_hatched, serial_shops,
          shop, kb_lookout_dungeons_type, uniq_duvessa, uniq_sigmund
Temple:   nicolae_temple_bog_church

Skill      XL: |  1  2  3  4  5  6  7  8 |
---------------+-------------------------+-----
Axes           | 3 4 5 6 7 8 |  8.3
Fighting       | 4 5 6 |  6.1
Shields        | 4 5 |  5.5
Invocations    | 2 4 5 |  5.1
Armour         | |  3.2

Action                     |  1- 3 |  4- 6 |  7- 9 || total
---------------------------+-------+-------+-------++-------
  Melee: War axe           |    71 |    23 |   130 ||   224
         Flail             |       |    97 |       ||    97
  Throw: Stone             |     4 |       |       ||     4
         Boomerang         |       |     2 |       ||     2
 Invoke: Recite            |       |       |     5 ||     5
 Armour: Scale mail        |    49 |       |       ||    49
         Chain mail        |     1 |    93 |   126 ||   220
  Dodge: Dodged            |    29 |    54 |    45 ||   128
  Block: Buckler           |    13 |    32 |    34 ||    79
